 Dungeon Crawl Stone Soup version 0.24-a0-279-ga7546fe674 (webtiles) character file.

Game seed: 16642345828924514008

97 JoanKharjo the Conjurer (level 4, 0/30 HPs)
             Began as a Demonspawn Wizard on Apr 30, 2019.
             Slain by an orc
             ... wielding a +2 hand axe of electrocution
              (20 damage)
             ... on level 3 of the Dungeon.
             The game lasted 00:11:55 (2192 turns).

JoanKharjo the Conjurer (Demonspawn Wizard)         Turns: 2192, Time: 00:11:55

Health: 0/30       AC:  3    Str:  8    XL:     4   Next: 42%
Magic:  0/8        EV: 12    Int: 20    God:
Gold:   80         SH:  0    Dex: 11    Spells: 3/9 levels left

rFire    . . .     SeeInvis .   g - +0 dagger
rCold    . . .     Gourm    .   (no shield)
rNeg     . . .     Faith    .   a - +0 robe
rPois    .         Spirit   .   b - +0 hat
rElec    .         Reflect  .   (no cloak)
rCorr    .         Harm     .   q - +0 pair of gloves
MR       .....                  (no boots)
Stlth    ++........             (no amulet)
HPRegen  0.10/turn              (no ring)
MPRegen  0.11/turn              (no ring)

@: no status effects
A: powered by pain 1
a: no special abilities


You were on level 3 of the Dungeon.
You were not hungry.

You visited 1 branch of the dungeon, and saw 3 of its levels.

You collected 80 gold pieces.

Inventory:

Hand Weapons
 g - a +0 dagger (weapon)
 r - a +0 vampiric dagger
Missiles
 m - 20 arrows
Armour
 a - a +0 robe (worn)
 b - a +0 hat (worn)
 q - a +0 pair of gloves (worn)
Wands
 p - a wand of flame (2)
Scrolls
 e - a scroll of fog {unknown}
 h - 2 scrolls of identify {unknown}
 i - a scroll of noise {unknown}
 k - a scroll of enchant weapon {unknown}
 l - a scroll of blinking {unknown}
 s - a scroll of teleportation {unknown}
Potions
 c - 2 potions of heal wounds {unknown}
 f - a potion of degeneration {unknown}
 j - a potion of flight {unknown}
 o - a potion of might {unknown}
Comestibles
 d - 7 rations
 n - 13 chunks of flesh


   Skills:
 - Level 1.7 Dodging
 - Level 1.7 Stealth
 - Level 3.0 Spellcasting
 + Level 4.3 Conjurations
   Level 1.0 Summonings
 - Level 0.8 Translocations


You had 3 spell levels left.
You knew the following spells:

 Your Spells              Type           Power        Failure   Level  Hunger
a - Magic Dart            Conj           ###.         2%          1    None
b - Blink                 Tloc           N/A          16%         2    ##.....
c - Mephitic Cloud        Conj/Pois/Air  #.......     24%         3    ###....

Your spell library contained the following spells:

 Spells                   Type           Power        Failure   Level  Hunger
 Call Imp                 Summ           #.......     14%         2    ##.....
 Conjure Flame            Conj/Fire      ##......     17%         3    ###....
 Slow                     Hex            #.......     22%         2    ##.....


Dungeon Overview and Level Annotations

Branches:
Dungeon (3/15)

Altars:


Innate Abilities, Weirdness & Mutations

You sometimes gain a little power by taking damage.


Message History

The orc barely misses you.
Casting: Magic Dart (safe; 2% risk of failure)
Confirm with . or Enter, or press ? or * to list all spells.
Aiming: Magic Dart (safe; 2% risk of failure)
Press: ? - help, Shift-Dir - straight line, f/p - orc
Aim: an orc, wielding a +2 hand axe of electrocution and wearing a +0 chain mail (lightly wounded)
The magic dart hits the orc but does no damage.
The orc is lightly wounded.
The orc hits you with a +2 hand axe of electrocution.
Casting: Magic Dart (safe; 2% risk of failure)
Confirm with . or Enter, or press ? or * to list all spells.
Aiming: Magic Dart (safe; 2% risk of failure)
Press: ? - help, Shift-Dir - straight line, f/p - orc
Aim: an orc, wielding a +2 hand axe of electrocution and wearing a +0 chain mail (lightly wounded)
The magic dart hits the orc but does no damage.
The orc is lightly wounded.
The orc hits you with a +2 hand axe of electrocution.
You are electrocuted!!
Ouch! That really hurt!
You die...

#.......).....)............
#.##.##÷#####...#######..##
##(##.# #...# #..## # #..##.#
#...# #...# #.#.###.### #...#
#.#.# #.#.......#
#...#######.... #.......#.#
#...#..........
###÷#####.###...#.###)###..
#.######.......@o...## ###.###.÷
.........##.#..#######.#.....##)
########.##.#..## #.#.#.#.##.
#........######.....#.##.
#)##....................<
#.##.#...###.#####.##)##.
#......### #.##.##. ###.####
#....... #.# #..)###.


You could see an orc.

Vanquished Creatures
  2 adders (D:3)
  An ooze (D:3)
  2 dart slugs
  A leopard gecko (D:1)
  3 orcs (D:3)
  A ball python (D:3)
  2 giant cockroaches (D:2)
  14 goblins
  13 hobgoblins
  4 jackals (D:3)
  4 kobolds
  3 bats
  3 frilled lizards
  A giant cockroach zombie (D:2)
  5 rats
59 creatures vanquished.

Notes
Turn   | Place    | Note
-------+----------+-------------------------------------------
     0 | D:1      | JoanKharjo the Demonspawn Wizard began the quest for the
                  | Orb.
     0 | D:1      | Reached XP level 1. HP: 13/13 MP: 4/4
   199 | D:1      | Reached skill level 2 in Conjurations
   205 | D:1      | Gained mutation: You sometimes gain a little power by
                  | taking damage. [demonic ancestry]
   205 | D:1      | Reached XP level 2. HP: 19/19 MP: 1/6
   662 | D:1      | Reached skill level 3 in Conjurations
   798 | D:1      | Reached XP level 3. HP: 24/24 MP: 2/7
  1592 | D:3      | Upgraded the game from 0.24-a0-278-gefa197325e to
                  | 0.24-a0-279-ga7546fe674
  1595 | D:3      | Learned a level 2 spell: Blink
  1599 | D:3      | Learned a level 3 spell: Mephitic Cloud
  1814 | D:3      | Reached XP level 4. HP: 11/30 MP: 1/8
  1942 | D:3      | Reached skill level 4 in Conjurations
  2192 | D:3      | Slain by an orc

Levels and vault maps discovered:
D:1:      ebering_trefoil_3fold, layout_rooms
D:2:      layout_basic, first_ration
D:3:      layout_loops_cross

Skill      XL: |  1  2  3  4 |
---------------+-------------+-----
Conjurations   | 2 3 4 |  4.3
Dodging        | |  1.7
Stealth        | |  1.7
Spellcasting   | |  3.0
Summonings     | |  1.0
Translocations | |  0.8

Action                   |  1- 3 |  4- 6 || total
-------------------------+-------+-------++-------
Melee: Unarmed           |    10 |       ||    10
       Dagger            |    64 |    48 ||   112
 Cast: Magic Dart        |   105 |    33 ||   138
  Eat: Chunk             |     2 |     2 ||     4
Armor: Robe              |    14 |    14 ||    28
Dodge: Dodged            |    52 |    40 ||    92

Table legend:
 A = Non-vault XP
 B = Vault XP
 C = Vault XP percentage of total XP
 D = Non-vault monster count
 E = Vault monster count
 F = Vault count percentage of total count
                 A         B        C        D         E       F
            +---------+---------+-------+---------+---------+-------
      Total |     139 |       0 |   0.0 |      59 |       0 |   0.0
            +---------+---------+-------+---------+---------+-------
        D:1 |      42 |       0 |   0.0 |      23 |       0 |   0.0
        D:2 |      28 |       0 |   0.0 |      14 |       0 |   0.0
        D:3 |      69 |       0 |   0.0 |      22 |       0 |   0.0
            +---------+---------+-------+---------+---------+-------
